 Dungeon Crawl Stone Soup version 0.29-a0-322-g68df515428 (webtiles) character file.

Game seed: 8100144035152391087

10843 HotDog the Basher (level 11, -13/68 HPs)
             Began as a Gargoyle Fighter on Apr 8, 2022.
             Was a Priest of the Shining One.
             Mangled by a minotaur
             ... wielding a staff of air
              (14 damage)
             ... in a Gauntlet.
             The game lasted 00:22:39 (12493 turns).

HotDog the Basher (Gargoyle Fighter)               Turns: 12493, Time: 00:22:40

Health: -13/68     AC: 35    Str: 24    XL:     11   Next: 68%
Magic:  15/15      EV: 13    Int:  9    God:    the Shining One [***...]
Gold:   746        SH:  6    Dex:  9    Spells: 10/10 levels left

rFire   + . .      SeeInvis .   C - +1 flail (protect)
rCold   + + .      Faith    .   c - +1 buckler
rNeg    + + .      Spirit   .   b - +7 chain mail {rC+}
rPois   ∞          Reflect  .   (no helmet)
rElec   +          Harm     .   p - scarf {rC+ rF+}
rCorr   .          Rampage  .   k - +0 pair of gloves
Will    .....      NoTele   +   s - +0 pair of boots
Stlth   ..........              y - amulet of regeneration
HPRegen 1.01/turn               i - +4 ring of slaying
MPRegen 0.14/turn               w - +4 ring of evasion

@: mighty, under a protective aura, glowing, studying Hexes
A: sickness immunity, AC +8, negative energy resistance 1, electricity
resistance, torment resistance 1, petrification resistance, mutation resistance
1
a: Renounce Religion, Divine Shield, Cleansing Flame


You were in a Gauntlet.
You worshipped the Shining One.
The Shining One was most pleased with you.
You visited 2 branches of the dungeon, and saw 12 of its levels.
You also visited: Bailey and Gauntlet.

You collected 746 gold pieces.

Inventory:

Hand Weapons
 C - a +1 flail of protection (weapon)
Missiles
 z - 6 throwing nets (quivered)
Armour
 b - a +7 chain mail of cold resistance (worn)
 c - a +1 buckler (worn)
 k - a +0 pair of gloves (worn)
 p - a scarf of resistance (worn)
 s - a +0 pair of boots (worn)
 E - a +1 cloak
Jewellery
 i - a +4 ring of slaying (left hand)
 n - a ring of willpower
 o - a ring of ice
 w - a +4 ring of evasion (right hand)
 y - an amulet of regeneration (around neck)
 F - a ring of wizardry
 G - an amulet of the acrobat
Wands
 a - a wand of acid (5)
 m - a wand of paralysis (14)
 B - a wand of polymorph (31)
 D - a wand of charming (12)
 H - a wand of flame (10)
Scrolls
 e - 4 scrolls of identify
 v - 6 scrolls of teleportation
 x - 2 scrolls of blinking
 A - 4 scrolls of fog
 I - a scroll of enchant weapon {unknown}
Potions
 d - 3 potions of ambrosia
 f - a potion of magic
 g - 2 potions of flight
 h - 2 potions of heal wounds
 j - 4 potions of haste
 l - 3 potions of lignification
 q - a potion of degeneration
 r - a potion of brilliance
 t - 4 potions of curing


   Skills:
 * Level 7.8 Fighting
 * Level 11.6 Maces & Flails
 * Level 8.5 Armour
 * Level 4.6 Dodging
 * Level 7.7 Shields
 * Level 6.3 Invocations


You had 10 spell levels left.
You didn't know any spells.
Your spell library contained the following spells:

 Spells                   Type           Power      Damage    Failure   Level
 Summon Small Mammal      Summ           0%         N/A       96%         1
 Call Canine Familiar     Summ           0%         N/A       100%        3
 Summon Guardian Golem    Hex/Summ       0%         N/A       100%        3


Dungeon Overview and Level Annotations

Branches:
Dungeon (11/15)            Temple (1/1) D:5            Lair (0/6) D:11
    Orc (0/2) D:11         Bailey (visited)         Gauntlet (1/1)

Altars:
Ashenzari
Cheibriados
Dithmenos
Elyvilon
Fedhas
Gozag
Kikubaaqudgha
Makhleb
Nemelex Xobeh
Okawaru
Qazlal
Ru
Sif Muna
Trog
Vehumet
Wu Jian
Xom
Yredelemnul
Zin
The Shining One

Shops:
D:7 :

Annotations:
D:3 1 runed translucent door, weaper's ghost, weakling MiBe Gauntlet 16 runed translucent doors, 2 transporters, exclusion: orange crystal statue


Innate Abilities, Weirdness & Mutations

You are immune to sickness and miasma.
Your stone body is resilient. (AC +8)
You are immune to poison.
You resist negative energy. (rN+)
You are resistant to electric shocks. (rElec)
You are resistant to unholy torment.
You are immune to petrification.
You are somewhat resistant to further mutation.


Message History

Ouch! That really hurt!
The minotaur misses you.
You hit the minotaur.
Your weapon exudes an aura of protection.
The minotaur is lightly wounded.
The minotaur hits you with a staff of air!
* * * LOW HITPOINT WARNING * * *
The minotaur barely misses you.
You feel much better.
The minotaur hits you with a staff of air.
The minotaur gores you but does no damage.
The minotaur barely misses you.
The minotaur gores you but does no damage.
You hit the minotaur but do no damage.
The minotaur is lightly wounded.
You block the minotaur's attack. x2
You sock the minotaur!
The minotaur is lightly wounded.
The minotaur closely misses you. You block the minotaur's attack.
You hit the minotaur but do no damage.
The minotaur is lightly wounded.
The minotaur hits you with a staff of air.
You are electrocuted.
The minotaur completely misses you.
The minotaur hits you but does no damage.
The minotaur gores you but does no damage.
You thump the minotaur!
The minotaur is lightly wounded.
The minotaur hits you with a staff of air!!
* * * LOW HITPOINT WARNING * * *
You are electrocuted.
* * * LOW HITPOINT WARNING * * *
The minotaur gores you but does no damage.
You feel much better.
The minotaur hits you with a staff of air!!
Ouch! That really hurt!
* * * LOW HITPOINT WARNING * * *
You are electrocuted.
* * * LOW HITPOINT WARNING * * *
The minotaur gores you!
You die...

########################
...............≈ 8# #8
.8.8..©.©..8.8§8 #
...............≈#
#######.########
#.............#
#.###########.#
#.#.....#...#.#
#.#.###@# #.#.#
#.#.##⌠H⌠##...#
###..#.∩.#..#.#
##.#⌠.⌠#.##.#
#.#####.#..#
#.......#.## #########.
..


You could see a minotaur (berserk).

Vanquished Creatures
  Harold (D:8)
  Erica (D:8)
  A tengu warrior (Gauntlet)
  Maurice (D:8)
  A guardian serpent (shapeshifter) (Gauntlet)
  A torpor snail (shapeshifter) (Gauntlet)
  A gargoyle (D:11)
  Maggie (D:6)
  2 unseen horrors
  A tengu conjurer (Gauntlet)
  An ice devil (Gauntlet)
  Grinder (D:5)
  Sigmund (D:5)
  3 shadows (Gauntlet)
  A vampire (D:10)
  6 yaks (D:11)
  2 steam dragons
  Menkaure (D:6)
  2 water moccasins
  An acid dragon (D:8)
  An ice beast (D:7)
  10 orc warriors
  A sky beast (D:7)
  3 ogres
  6 centaurs
  A phantom (D:5)
  2 bullfrogs
  3 scorpions
  3 wights (D:6)
  6 killer bees (D:7)
  A howler monkey (D:7)
  A crimson imp (D:7)
  2 hounds
  3 jellies
  10 orc priests
  A gnoll shaman (D:8)
  3 iguanas
  7 orc wizards
  22 gnolls
  8 adders
  4 white imps
  4 ufetubi
  2 worms
  3 dart slugs
  54 orcs
  10 ball pythons
  7 endoplasms
  2 giant cockroaches
  13 goblins
  8 hobgoblins
  8 jackals
  18 kobolds
  4 quokkas
  7 bats
  3 frilled lizards
  4 rats
275 creatures vanquished.

Notes
Turn   | Place    | Note
-------+----------+-------------------------------------------
     0 | D:1      | HotDog the Gargoyle Fighter began the quest for the Orb.
     0 | D:1      | Reached XP level 1. HP: 14/14 MP: 1/1
    70 | D:1      | Reached XP level 2. HP: 10/19 MP: 2/2
   886 | D:2      | Reached XP level 3. HP: 23/23 MP: 3/3
  1330 | D:2      | Reached XP level 4. HP: 24/28 MP: 4/4
  1374 | D:2      | Reached skill level 1 in Invocations
  1680 | D:3      | Noticed a bullfrog
  1681 | D:3      | Found a runed translucent door.
  1681 | D:3      | Noticed weaper's ghost (weakling MiBe)
  1731 | D:3      | Found a glowing silver altar of Zin.
  1838 | D:3      | Reached skill level 3 in Maces & Flails
  1838 | D:3      | Reached skill level 1 in Dodging
  1990 | D:4      | Reached XP level 5. HP: 27/33 MP: 5/5
  2045 | D:4      | Found an opulent altar of Gozag.
  2049 | D:4      | Found Gozag's Platinum Reserve.
  3126 | D:3      | Reached skill level 4 in Maces & Flails
  3126 | D:3      | Reached XP level 6. HP: 38/38 MP: 7/7
  3694 | D:3      | Found a broken altar of Ashenzari.
  3780 | D:3      | Found a shadowy altar of Dithmenos.
  3997 | D:3      | Noticed a fire elemental
  3999 | D:3      | Found a stormy altar of Qazlal.
  4001 | D:3      | Noticed an air elemental
  4001 | D:3      | Noticed a water elemental
  4139 | D:5      | Entered Level 5 of the Dungeon
  4318 | D:5      | Noticed Sigmund
  4327 | D:5      | Killed Sigmund
  4328 | D:5      | Reached XP level 7. HP: 43/43 MP: 8/8
  4364 | D:5      | Found a staircase to the Ecumenical Temple.
  4372 | Temple   | Entered the Ecumenical Temple
  4590 | Temple   | Became a worshipper of the Shining One
  4634 | D:5      | Reached skill level 5 in Armour
  4647 | D:5      | Reached skill level 5 in Maces & Flails
  5088 | D:5      | Noticed Grinder
  5096 | D:5      | Paralysed by Grinder for 7 turns
  5114 | D:5      | Killed Grinder
  5115 | D:5      | Reached XP level 8. HP: 34/48 MP: 8/10
  6010 | D:6      | Reached skill level 6 in Maces & Flails
  6038 | D:6      | Reached * piety under the Shining One
  6045 | D:6      | Reached skill level 5 in Shields
  6162 | D:6      | Noticed Maggie
  6179 | D:6      | Killed Maggie
  6180 | D:6      | Reached skill level 5 in Fighting
  6180 | D:6      | Reached skill level 7 in Maces & Flails
  6180 | D:6      | Reached XP level 9. HP: 47/54 MP: 8/11
  6642 | D:6      | Noticed Menkaure
  6654 | D:6      | Killed Menkaure
  6935 | D:6      | Found a white marble altar of Elyvilon.
  7677 | D:7      | Reached skill level 8 in Maces & Flails
  7716 | D:7      | Found a sparkling altar of Nemelex Xobeh.
  7936 | D:7      | Found Hosemofidd's Self-Improvement Boutique.
  8150 | D:7      | Identified the +7 rapier "Goggi" {vorpal, Fragile rElec
                  | rPois Dex+2}
  8337 | D:7      | Found a burning altar of Makhleb.
  9123 | D:8      | Reached XP level 10. HP: 51/60 MP: 13/13
  9131 | D:8      | Reached skill level 9 in Maces & Flails
  9207 | D:8      | Identified the +5 battleaxe "Ipsuyteid" {drain, Will+
                  | Str+3}
  9207 | D:8      | Noticed Maurice
  9648 | D:8      | Killed Maurice
  9649 | D:8      | Reached skill level 5 in Invocations
  9685 | D:8      | Noticed Erica
  9989 | D:9      | Noticed Harold
 10006 | D:9      | Noticed an unseen horror
 10020 | D:8      | Killed Harold
 10041 | D:8      | Killed Erica
 10042 | D:8      | Reached skill level 10 in Maces & Flails
 10325 | D:9      | Killed an unseen horror
 10799 | D:10     | Entered Level 10 of the Dungeon
 10876 | D:10     | Reached ** piety under the Shining One
 10913 | D:10     | Reached XP level 11. HP: 64/66 MP: 12/15
 11020 | D:10     | Found a flagged portal.
 11035 | Bailey   | Entered a bailey
 11040 | Bailey   | Noticed an orc warlord
 11102 | Bailey   | Found a runed translucent gate.
 11102 | Bailey   | Found a runed translucent gate.
 11122 | Bailey   | Found a runed translucent gate.
 11185 | Bailey   | Gained mutation: Your large and strong wings let you fly.
                  | [potion of mutation]
 11185 | Bailey   | Gained mutation: Your mind is acute. (Int +2) [potion of
                  | mutation]
 11186 | Bailey   | Lost mutation: Your mind is acute. (Int +2) [potion of
                  | mutation]
 11186 | Bailey   | Lost mutation: Your large and strong wings let you fly.
                  | [potion of mutation]
 11186 | Bailey   | Gained mutation: You are partially covered in iridescent
                  | scales. (AC +2) [potion of mutation]
 11186 | Bailey   | Gained mutation: You do not regenerate when monsters are
                  | visible. [potion of mutation]
 11187 | Bailey   | Lost mutation: You do not regenerate when monsters are
                  | visible. [potion of mutation]
 11187 | Bailey   | Lost mutation: You are partially covered in iridescent
                  | scales. (AC +2) [potion of mutation]
 11187 | Bailey   | Gained mutation: You are somewhat resistant to further
                  | mutation. [potion of mutation]
 11710 | D:10     | Reached skill level 11 in Maces & Flails
 12109 | D:11     | Found a gate leading to a gauntlet.
 12109 | D:11     | Found a staircase to the Orcish Mines.
 12132 | Gauntlet | Entered a Gauntlet
 12132 | Gauntlet | Noticed an orange crystal statue
 12132 | Gauntlet | Found a large runed translucent door.
 12132 | Gauntlet | Found a large runed translucent door.
 12132 | Gauntlet | Found a large runed translucent door.
 12132 | Gauntlet | Found a large runed translucent door.
 12132 | Gauntlet | Found a runed translucent door.
 12132 | Gauntlet | Found a large runed translucent door.
 12132 | Gauntlet | Found a large runed translucent door.
 12132 | Gauntlet | Found a transporter.
 12132 | Gauntlet | Found a transporter.
 12132 | Gauntlet | Found a large runed translucent door.
 12132 | Gauntlet | Found a large runed translucent door.
 12132 | Gauntlet | Found a runed translucent gate.
 12132 | Gauntlet | Found a runed translucent gate.
 12132 | Gauntlet | Found a transporter.
 12132 | Gauntlet | Found a transporter.
 12133 | Gauntlet | Found a runed translucent door.
 12133 | Gauntlet | Found a runed translucent gate.
 12135 | Gauntlet | Found a large runed translucent door.
 12135 | Gauntlet | Found a large runed translucent door.
 12135 | Gauntlet | Found a large runed translucent door.
 12135 | Gauntlet | Found a large runed translucent door.
 12136 | Gauntlet | Found a large runed translucent door.
 12136 | Gauntlet | Found a large runed translucent door.
 12137 | Gauntlet | Found a large runed translucent door.
 12137 | Gauntlet | Found a large runed translucent door.
 12174 | Gauntlet | Found a transporter.
 12181 | Gauntlet | Noticed a tengu warrior
 12195 | Gauntlet | Killed a tengu warrior
 12204 | Gauntlet | Found a transporter.
 12228 | Gauntlet | Found a transporter.
 12239 | Gauntlet | Reached *** piety under the Shining One
 12240 | Gauntlet | Found a transporter.
 12262 | Gauntlet | Found a transporter.
 12268 | Gauntlet | Noticed a wolf spider
 12268 | Gauntlet | Found a transporter.
 12278 | Gauntlet | a wolf spider changed into a torpor snail
 12485 | Gauntlet | Noticed a minotaur
 12493 | Gauntlet | HP: 1/68 [minotaur/staff of air (3)]
 12493 | Gauntlet | Mangled by a minotaur

Illustrated notes

Levels and vault maps discovered:
D:1:      lemuel_arrival_broad_hall, layout_loops_ring
D:2:      layout_rooms
D:3:      layout_loops_ring, mainiacjoe_overflow_alcove_4,
          mainiacjoe_overflow_surrounded_room, marbit_many_paths,
          nicolae_qazlal_style_of_elements, ebering_ghost_sewer_d
D:4:      layout_rooms, nicolae_gozag_zags_fifth_avenue,
          nicolae_zen_rock_garden, chequers_hall_statues_wall_a,
          kennysheep_generic_room_13
D:5:      nicolae_BIG_FREAKIN_CUBE, layout_layer_cave,
          minmay_temple_entry_nine_rooms, serial_glass, glass_columns_b,
          glass_columns_b, uniq_grinder, uniq_sigmund
D:6:      layout_gridville, mainiacjoe_overflow_concentric_impassable,
          uniq_menkaure, uniq_maggie
D:7:      layout_loops_corners, makhleb_grotto_becter,
          nemelex_dance_club_becter, nicolae_shop_self_help
D:8:      layout_rooms, serial_glass, glass_columns_a, glass_columns_b,
          uniq_erica, uniq_maurice
D:9:      layout_rooms, grunt_ogre_cave, minmay_misc_feat_pillars, uniq_harold
D:10:     layout_small_grid, lightli_bailey_entry_fortress, minmay_orc_keep
D:11:     layout_irregular_city, lair_entry_dummy, orc_0_dummy,
          gauntlet_entry_generic
Temple:   minmay_temple_curvy_branch
Gauntlet: gammafunk_gauntlet_shortcut [nicolae_gauntlet_arena_flowing_pool,
          gammafunk_gauntlet_arena_spirals,
          minmay_gauntlet_arena_make_your_own_arena, nicolae_gauntlet_arena_x,
          gammafunk_gauntlet_arena_open, gammafunk_gauntlet_arena_corners,
          dreamdust_gauntlet_exit_labyrinth]

Skill      XL: |  1  2  3  4  5  6  7  8  9 10 11 |
---------------+----------------------------------+-----
Invocations    | 1 2 3 4 5 6 |  6.3
Maces & Flails | 3 4 5 7 8 10 11 | 11.6
Armour         | 4 5 6 7 8 |  8.5
Dodging        | 1 2 3 4 |  4.6
Fighting       | 4 5 6 7 |  7.8
Shields        | 4 5 6 7 |  7.7

Action                   |  1- 3 |  4- 6 |  7- 9 | 10-12 || total
-------------------------+-------+-------+-------+-------++-------
Melee: Flail             |    89 |   156 |   274 |   378 ||   897
Invok: Divine Shield     |       |       |     1 |     2 ||     3
  Use: Scroll            |       |     9 |     4 |    10 ||    23
       Potion            |       |     1 |     4 |    11 ||    16
Armor: Scale mail        |    55 |    80 |   159 |    26 ||   320
       Skin              |       |       |     4 |       ||     4
       Chain mail        |       |       |       |   211 ||   211
Dodge: Dodged            |    66 |   101 |   177 |   238 ||   582
Block: Buckler           |    27 |    44 |    93 |   161 ||   325

Table legend: (Time is in decaauts)
 A = Elapsed time spent in this place.
 B = Non-inter-level travel time spent in this place.
 C = Inter-level travel time spent in this place.
 D = Time resting spent in this place.
 E = Time spent auto-exploring this place.
 F = Levels seen in this place.
 G = Mean time per level.
                   A        B        C        D        E       F      G
               +--------+--------+--------+--------+--------+-----+--------+
         Total |  12608 |  12121 |    487 |   3734 |   5693 |  14 |  900.6 |
       Dungeon |  11778 |  11313 |    465 |   3588 |   5475 |  11 | 1070.7 |
        Temple |    241 |    219 |     22 |      0 |    210 |   1 |  241.0 |
        Bailey |    235 |    235 |      0 |      3 |      0 |   1 |  235.0 |
      Gauntlet |    352 |    352 |      0 |    143 |      8 |   1 |  352.0 |
               +--------+--------+--------+--------+--------+-----+--------+

Top non-repeatable levels by time:
     D:7: 2136 daAuts
     D:3: 1668 daAuts
     D:5: 1507 daAuts
     D:6: 1455 daAuts
    D:10: 992 daAuts
     D:4: 962 daAuts
     D:1: 902 daAuts
     D:8: 820 daAuts
     D:2: 674 daAuts
     D:9: 531 daAuts
Gauntlet: 352 daAuts
  Temple: 241 daAuts
  Bailey: 235 daAuts
    D:11: 128 daAuts
